 Dungeon Crawl Stone Soup version 0.22-a0-179-gb5258fd (webtiles) character file.

236 wolfsongas the Ducker (level 6, -6/53 HPs)
             Began as a Gnoll Wanderer on Feb 13, 2018.
             Was a Follower of Okawaru.
             Killed from afar by an orc wizard (9 damage)
             ... with a puff of frost
             ... on level 3 of the Dungeon.
             The game lasted 00:04:18 (2941 turns).

wolfsongas the Ducker (Gnoll Wanderer)              Turns: 2941, Time: 00:04:19

Health: -6/53      AC:  5    Str: 18    XL:     6   Next: 6%
Magic:  8/8        EV: 14    Int: 13    God:    Okawaru [*.....]
Gold:   142        SH:  0    Dex: 14    Spells: 8/8 levels left

rFire    . . .     SeeInvis .   a - +2 dagger
rCold    . . .     Gourm    .   (no shield)
rNeg     . . .     Faith    .   p - -2 ring mail (curse)
rPois    .         Spirit   .   i - +0 helmet
rElec    .         Reflect  .   (no cloak)
rCorr    .         Harm     .   j - +0 pair of gloves
MR       .....                  (no boots)
Stlth    ++........             (no amulet)
HPRegen  0.17/turn              l - ring of wizardry
MPRegen  0.11/turn              (no ring)

@: no status effects
A: distributed training, fangs 1, strong nose
a: Heroism, Renounce Religion


You were on level 3 of the Dungeon.
You worshipped Okawaru.
Okawaru was aware of your devotion.
You were not hungry.

You visited 1 branch of the dungeon, and saw 3 of its levels.

You collected 142 gold pieces.

Inventory:

Hand Weapons
 a - a +2 dagger (weapon)
 c - a +0 short sword
Armour
 g - a +0 chain mail
 i - a +0 helmet (worn)
 j - a +0 pair of gloves (worn)
 p - a cursed -2 ring mail (worn)
Jewellery
 l - a ring of wizardry (left hand)
Scrolls
 b - 2 scrolls of teleportation
 d - a scroll of magic mapping
 e - a scroll of fear
Potions
 h - a potion of brilliance
 k - a potion of magic {unknown}
 n - a potion of curing {unknown}
Comestibles
 f - 7 rations


   Skills:
 + Level 6.7 Fighting
 + Level 1.7 Short Blades
 + Level 3.1 Long Blades
 + Level 1.7 Axes
 + Level 1.7 Maces & Flails
 + Level 1.7 Polearms
 + Level 1.7 Staves
 + Level 1.7 Slings
 + Level 1.7 Bows
 + Level 1.7 Crossbows
 + Level 3.1 Throwing
 + Level 1.7 Armour
 + Level 6.7 Dodging
 + Level 4.5 Stealth
 + Level 1.7 Shields
 + Level 1.7 Unarmed Combat
 + Level 1.7 Spellcasting
 + Level 1.3 Conjurations
 + Level 1.3 Hexes
 + Level 1.3 Charms
 + Level 1.3 Summonings
 + Level 1.3 Necromancy
 + Level 1.3 Translocations
 + Level 1.3 Transmutations
 + Level 1.3 Fire Magic
 + Level 1.3 Ice Magic
 + Level 1.3 Air Magic
 + Level 1.3 Earth Magic
 + Level 1.3 Poison Magic
 + Level 2.0 Invocations
 + Level 1.7 Evocations


You had 8 spell levels left.
You didn't know any spells.

Dungeon Overview and Level Annotations

Branches:
Dungeon (3/15)

Altars:
Fedhas
Nemelex Xobeh
Okawaru
Uskayaw


Innate Abilities, Weirdness & Mutations

Your experience applies equally to all skills.
You have very sharp teeth.
Your uncanny sense of smell can sniff out nearby items.


Message History

Something hits you but does no damage.
You hit something.
You hear some strange, mumbled words.
A magic dart appears from out of thin air!
The magic dart hits you!
* * * LOW HITPOINT WARNING * * *
Something hits you but does no damage.
You barely miss something. Something hits you but does no damage.
You closely miss something. You hit something. Your bite misses something.
Something hits you but does no damage.
You hear some strange, mumbled words.
A puff of frost appears from out of thin air!
The puff of frost misses you.
You closely miss something. Something hits you but does no damage.
You miss something. Your bite misses something.
You hear some strange, mumbled words.
A puff of frost appears from out of thin air!
The puff of frost hits you!
You die...

.####.# ##...##
##...## ##...##
....#.# ###### #####
##### .##.#.# #.
.##.#.# #. .##.#.# #.
......# #. ###.###
#.## #.# #){# ##.####
#@# ##..##.## #####)##
#.......####......####
.....................+
#...##.#####......####
##.###.# ##.##.## ∆
### #.# #.#### #.# #.#
#.# #.#


There were no monsters in sight!

Vanquished Creatures
  Jessica (D:2)
  A worker ant (D:3)
  A hound skeleton (D:2)
  A worker ant zombie (D:2)
  5 adders
  2 adder skeletons (D:2)
  2 worms (D:2)
  A dart slug (D:1)
  A leopard gecko (D:2)
  8 orcs (D:3)
  2 ball pythons (D:1)
  A bat skeleton (D:2)
  4 bat zombies (D:2)
  4 giant cockroaches
  3 goblins
  8 hobgoblins
  18 jackals
  A quokka (D:2)
  A ball python skeleton (D:2)
  6 bats
  2 frilled lizards
  8 kobolds
  2 leopard gecko zombies (D:2)
  A quokka skeleton (D:2)
  A quokka zombie (D:2)
  9 rats
94 creatures vanquished.

Notes
Turn   | Place    | Note
-------+----------+-------------------------------------------
     0 | D:1      | wolfsongas the Gnoll Wanderer began the quest for the Orb.
     0 | D:1      | wolfsongas set off with: a +2 dagger, a potion of berserk rage, a +0 short sword, a potion of lignification, a +0 robe, a ration
     0 | D:1      | Reached XP level 1. HP: 23/23 MP: 1/1
    21 | D:1      | Reached XP level 2. HP: 25/29 MP: 2/2
   328 | D:1      | Reached XP level 3. HP: 17/35 MP: 3/3
   733 | D:2      | Reached skill level 1 in Invocations
   825 | D:2      | Reached skill level 1 in Short Blades
   825 | D:2      | Reached skill level 1 in Axes
   825 | D:2      | Reached skill level 1 in Maces & Flails
   825 | D:2      | Reached skill level 1 in Polearms
   825 | D:2      | Reached skill level 1 in Staves
   825 | D:2      | Reached skill level 1 in Slings
   825 | D:2      | Reached skill level 1 in Bows
   825 | D:2      | Reached skill level 1 in Crossbows
   825 | D:2      | Reached skill level 1 in Armour
   825 | D:2      | Reached skill level 1 in Shields
   825 | D:2      | Reached skill level 1 in Unarmed Combat
   825 | D:2      | Reached skill level 1 in Spellcasting
   825 | D:2      | Reached skill level 1 in Evocations
   825 | D:2      | Reached XP level 4. HP: 30/41 MP: 5/5
  1102 | D:2      | Reached skill level 1 in Conjurations
  1102 | D:2      | Reached skill level 1 in Hexes
  1102 | D:2      | Reached skill level 1 in Charms
  1102 | D:2      | Reached skill level 1 in Summonings
  1102 | D:2      | Reached skill level 1 in Necromancy
  1102 | D:2      | Reached skill level 1 in Translocations
  1102 | D:2      | Reached skill level 1 in Transmutations
  1102 | D:2      | Reached skill level 1 in Fire Magic
  1102 | D:2      | Reached skill level 1 in Ice Magic
  1102 | D:2      | Reached skill level 1 in Air Magic
  1102 | D:2      | Reached skill level 1 in Earth Magic
  1102 | D:2      | Reached skill level 1 in Poison Magic
  1167 | D:2      | Noticed Jessica
  1177 | D:2      | Killed Jessica
  1177 | D:2      | Reached XP level 5. HP: 43/47 MP: 5/7
  1898 | D:3      | Found a faded altar of an unknown god.
  2100 | D:3      | Found a sparkling altar of Nemelex Xobeh.
  2103 | D:3      | Became a worshipper of Warmaster Okawaru
  2103 | D:3      | Reached * piety under Okawaru
  2108 | D:3      | Found a hide-covered altar of Uskayaw.
  2516 | D:3      | Found a blossoming altar of Fedhas.
  2597 | D:3      | Reached XP level 6. HP: 26/53 MP: 8/8
  2936 | D:3      | HP: 2/53 [something/magic dart (10)]
  2941 | D:3      | Killed from afar by an orc wizard

Vault maps used:
D:1:      dpeg_arrival_simpleton_a
D:2:      serial_undead, serial_undead_b, serial_undead_c, serial_undead_c,
          serial_undead_f, serial_undead_c, serial_undead_f, serial_undead_e,
          serial_undead_a, serial_undead_b, serial_undead_b,
          kennysheep_big_empty_room, uniq_jessica
D:3:      kennysheep_six_static_rooms, grunt_temple_overflow_open,
          chequers_ecumenical_altar_simple, fedhas_altar_1, uniq_sigmund

Skill      XL: |  1  2  3  4  5  6 |
---------------+-------------------+-----
Invocations    | 1 2 |  2.0
Short Blades   | 1 |  1.7
Axes           | 1 |  1.7
Maces & Flails | 1 |  1.7
Polearms       | 1 |  1.7
Staves         | 1 |  1.7
Slings         | 1 |  1.7
Bows           | 1 |  1.7
Crossbows      | 1 |  1.7
Armour         | 1 |  1.7
Shields        | 1 |  1.7
Unarmed Combat | 1 |  1.7
Spellcasting   | 1 |  1.7
Evocations     | 1 |  1.7
Conjurations   | 1 |  1.3
Hexes          | 1 |  1.3
Charms         | 1 |  1.3
Summonings     | 1 |  1.3
Necromancy     | 1 |  1.3
Translocations | 1 |  1.3
Transmutations | 1 |  1.3
Fire Magic     | 1 |  1.3
Ice Magic      | 1 |  1.3
Air Magic      | 1 |  1.3
Earth Magic    | 1 |  1.3
Poison Magic   | 1 |  1.3
Long Blades    | 3 |  3.1
Throwing       | 3 |  3.1
Fighting       | |  6.7
Dodging        | |  6.7
Stealth        | |  4.5

Action                   |  1- 3 |  4- 6 || total
-------------------------+-------+-------++-------
Melee: Dagger            |   130 |   293 ||   423
       Bite              |    15 |    26 ||    41
       Punch             |       |     4 ||     4
  Use: Scroll            |     3 |     5 ||     8
       Potion            |     2 |     1 ||     3
 Stab: Sleeping          |     2 |       ||     2
  Eat: Chunk             |       |     4 ||     4
       Ration            |       |     1 ||     1
Armor: Robe              |    13 |       ||    13
       Chain mail        |    62 |   149 ||   211
       Skin              |    24 |    20 ||    44
       Ring mail         |       |    17 ||    17
Dodge: Dodged            |   132 |   230 ||   362

Table legend:
 A = Spawn XP
 B = Non-spawn XP
 C = Spawn XP percentage of total XP
 D = Spawn monster count
 E = Non-spawn monster count
 F = Spawn count percentage of total count
 G = Total turns spent on level
                    A         B        C        D         E        F      G
               +---------+---------+-------+---------+---------+-------+---------
         Total |       0 |     338 |   0.0 |       0 |      94 |   0.0 |  2941
               +---------+---------+-------+---------+---------+-------+---------
           D:1 |       0 |      48 |   0.0 |       0 |      28 |   0.0 |   701
           D:2 |       0 |     190 |   0.0 |       0 |      44 |   0.0 |  1137
           D:3 |       0 |     100 |   0.0 |       0 |      22 |   0.0 |  1103
               +---------+---------+-------+---------+---------+-------+---------
